 Dungeon Crawl Stone Soup version 0.24-a0-515-gbe7f5e2e8d (webtiles) character file.

Game seed: 14389790511383738493

11307 Inquire the Basher (level 11, -8/90 HPs)
             Began as a Mummy Fighter on July 21, 2019.
             Was an Initiate of Gozag.
             Mangled by a red ugly thing (30 damage)
             ... on level 10 of the Dungeon.
             The game lasted 00:37:52 (17266 turns).

Inquire the Basher (Mummy Fighter)                 Turns: 17266, Time: 00:37:53

Health: -8/90      AC: 17    Str: 21    XL:     11   Next: 47%
Magic:  11/11      EV:  8    Int:  8    God:    Gozag
Gold:   146        SH: 13    Dex: 13    Spells: 8/10 levels left

rFire    x . .     SeeInvis .   w - +2 broad axe
rCold    + . .     Gourm    .   c - +2 shield
rNeg     + + +     Faith    .   b - +0 scale mail
rPois    ∞         Spirit   .   m - +1 helmet
rElec    .         Reflect  .   j - scarf {cloud immunity}
rCorr    .         Harm     .   v - +0 pair of gloves
MR       +....                  (no boots)
Stlth    ..........             (no amulet)
HPRegen  0.25/turn              r - +3 ring of slaying
MPRegen  0.12/turn              k - ring of Robustness {AC+8}

@: no status effects
A: no food or potions, fire vulnerability, cold resistance 1, negative energy
resistance 3, torment resistance, unbreathing
a: Potion Petition, Call Merchant, Bribe Branch, Renounce Religion


You were on level 10 of the Dungeon.
You worshipped Gozag.
Gozag was aware of your devotion.
You were not hungry.

You visited 3 branches of the dungeon, and saw 14 of its levels.

You collected 904 gold pieces.
You spent 552 gold pieces at shops.
You paid 206 gold pieces to Gozag.

Inventory:

Hand Weapons
 a - a +2 flail
 f - a +0 whip
 t - a +2 scimitar of flaming
 w - a +2 broad axe (weapon)
Missiles
 e - 26 poisoned darts (quivered)
Armour
 b - a +0 scale mail (worn)
 c - a +2 shield (worn)
 d - a +2 cloak of poison resistance
 j - a scarf of cloud immunity (worn)
 m - a +1 helmet (worn)
 p - a +2 robe of magic resistance
 v - a +0 pair of gloves (worn)
Jewellery
 i - a +2 ring of intelligence
 k - the ring of Robustness (right hand) {AC+8}
   (You found it on level 4 of the Dungeon)

   [ring of protection]

   It affects your AC (+8).
 q - an uncursed ring of wizardry
 r - a +3 ring of slaying (left hand)
Wands
 s - a wand of flame (10)
Scrolls
 g - 3 scrolls of random uselessness
 h - 2 scrolls of remove curse
 l - 6 scrolls of identify
 n - a scroll of holy word
 o - a scroll of magic mapping


   Skills:
 + Level 9.7 Fighting
 * Level 1.6(7.1) Axes
 - Level 10.8(10.9) Maces & Flails
 - Level 2.4 Armour
 + Level 8.2 Shields


You had 8 spell levels left.
You knew the following spells:

 Your Spells              Type           Power        Failure   Level  Hunger
a - Ensorcelled Hibernat  Hex/Ice        #.....       99%         2    N/A

Your spell library contained the following spells:

 Spells                   Type           Power        Failure   Level  Hunger
 Corona                   Hex            #......      96%         1    N/A
 Confuse                  Hex            #.......     100%        3    N/A
 Dazzling Spray           Conj/Hex       #.....       100%        3    N/A
 Tukima's Dance           Hex            #.......     100%        3    N/A

Dungeon Overview and Level Annotations

Branches:
Dungeon (12/15)            Temple (1/1) D:4            Lair (1/6) D:8
    Orc: D:9-12

Altars:
Ashenzari
Cheibriados
Dithmenos
Elyvilon
Fedhas
Gozag
Hepliaklqana
Kikubaaqudgha
Makhleb
Nemelex Xobeh
Okawaru
Qazlal
Ru
Sif Muna
Trog
Uskayaw
Vehumet
Wu Jian
Xom
Yredelemnul
Zin
The Shining One

Shops:
D:5 !=*

Annotations:
D:6 5 runed translucent doors
D:8 Harold
D:11 Erolcha


Innate Abilities, Weirdness & Mutations

You do not eat or drink.
Your flesh is vulnerable to fire.
You are immune to poison.
Your flesh is cold resistant. (rC+)
You are immune to negative energy. (rN+++)
You are immune to unholy pain and torment.
You can survive without breathing.


Message History

Unknown command.
Unknown command.
You block the red ugly thing's attack.
There is an open door here.
Things that are here:
a +0 giant club x2
There is an open door here.
Things that are here:
3 boomerangs; a +0 hand axe You block the red ugly thing's attack.
There is an open door here.
There is an open door here.
The red ugly thing headbutts you.
You are engulfed in flames!!
The fire burns you terribly!
There is an open door here.
The red ugly thing headbutts you!
* * * LOW HITPOINT WARNING * * *
You are engulfed in flames!!
The fire burns you terribly!
You die...
Your body crumbles into a pile of gold.

#### ###.# # ##...# # #..### #
####'## ###### #.....# .....#
#.....# ######### .....# #.....#
#........ .....# #.....#######
#........
.....######....u@.....###........
.....'...##.....#####............
.....###..'.....# #####........
###### ####.....# ###.##### .#
##'#### #.# '#### #...## ##.#
....### ###..## #..# ....'.###
##..# #.## ....#...########.###
###'###


You could see a red ugly thing.

Vanquished Creatures
  Erica (D:7)
  2 two-headed ogres
  Urug (D:10)
  An elephant (D:9)
  Psyche (D:10)
  A gargoyle (D:10)
  The ghost of Trueduck the Changer, an amateur NaTm (D:4)
  2 trolls
  A hippogriff (D:9)
  A wraith (D:11)
  10 yaks (D:9)
  Grum (D:10)
  A steam dragon (D:9)
  A hungry ghost (D:9)
  Menkaure (D:4)
  An acid dragon (D:8)
  A black bear (D:7)
  3 orc warriors
  An eye of draining (D:10)
  5 ice beasts
  Purgy (D:3)
  A phantom (D:7)
  A sky beast (D:10)
  5 centaurs
  4 ogres
  2 wolves (D:10)
  2 crocodiles
  2 big kobolds (D:9)
  Blork the orc (D:5)
  3 bullfrogs
  A gnoll sergeant (D:9)
  A scorpion (D:7)
  3 wights (D:11)
  7 howler monkeys
  4 crimson imps
  A bullfrog zombie (D:5)
  A jelly (D:11)
  Crazy Yiuf (D:5)
  2 orc priests (D:10)
  6 hounds
  3 bullfrog skeletons
  2 centaur skeletons
  Natasha (twice) (D:3)
  7 iguanas
  8 worker ants
  12 orc wizards
  A killer bee zombie (D:9)
  A hound skeleton (D:6)
  7 gnolls
  11 adders
  3 shadow imps
  An ooze (D:2)
  An adder skeleton (D:6)
  3 worms
  A leopard gecko (D:11)
  32 orcs
  4 giant cockroaches
  7 goblins
  8 hobgoblins
  2 jackals (D:7)
  6 quokkas
  A ball python (D:4)
  3 bats
  5 frilled lizards
  14 kobolds
  A leopard gecko skeleton (D:4)
  6 rats
238 creatures vanquished.

Vanquished Creatures (others)
  Natasha (D:3)
  A kobold (D:3)
2 creatures vanquished.

Grand Total: 240 creatures vanquished

Notes
Turn   | Place    | Note
-------+----------+-------------------------------------------
     0 | D:1      | Inquire the Mummy Fighter began the quest for the Orb.
     0 | D:1      | Reached XP level 1. HP: 18/18 MP: 1/1
   498 | D:1      | You fall into a shaft and drop 1 floor!
   510 | D:2      | Reached skill level 2 in Maces & Flails
   510 | D:2      | Reached XP level 2. HP: 18/24 MP: 2/2
   832 | D:2      | Reached XP level 3. HP: 28/29 MP: 3/3
  1140 | D:2      | Found a shattered altar of Ashenzari.
  2137 | D:2      | Reached XP level 4. HP: 18/35 MP: 4/4
  2739 | D:3      | Noticed Purgy
  2835 | D:4      | Found a staircase to the Ecumenical Temple.
  2843 | Temple   | Entered the Ecumenical Temple
  3040 | D:4      | Reached skill level 3 in Maces & Flails
  3073 | D:4      | Found a runed translucent door.
  3075 | D:4      | Noticed Trueduck's ghost (amateur NaTm)
  3075 | D:4      | Noticed a bullfrog
  3100 | D:4      | Noticed an ogre
  3121 | D:4      | Killed an ogre
  3121 | D:4      | Reached XP level 5. HP: 42/42 MP: 5/5
  3156 | D:4      | Found an ancient bone altar of Kikubaaqudgha.
  3217 | D:4      | Found the ring of Robustness {AC+8}
  3859 | D:3      | Found a radiant altar of Vehumet.
  4049 | D:3      | Noticed Natasha
  4074 | D:3      | Killed Natasha
  4611 | D:5      | Entered Level 5 of the Dungeon
  4638 | D:5      | Noticed Menkaure
  4679 | D:5      | Found Iwumpec's Assorted Antiques.
  4694 | D:4      | Reached XP level 6. HP: 45/48 MP: 6/6
  4763 | D:4      | Reached skill level 4 in Maces & Flails
  4820 | D:5      | Bought a scroll labeled JUDUUPU FERUT for 34 gold pieces
  4820 | D:5      | Bought a scroll labeled URA YTOTOHEIGI for 34 gold pieces
  4820 | D:5      | Bought a scroll labeled FEQUTE QOSUUPP for 34 gold pieces
  4906 | D:4      | Killed Menkaure
  5088 | D:5      | Reached XP level 7. HP: 52/55 MP: 7/7
  5109 | D:5      | Found Igoad's Distillery.
  5168 | D:5      | Found a runed translucent door.
  5169 | D:5      | Noticed Crazy Yiuf
  5191 | D:5      | Found Pipek's Jewellery Boutique.
  5225 | D:5      | Found a stormy altar of Qazlal.
  5225 | D:5      | Noticed Blork the orc
  5433 | D:3      | Killed Purgy
  5703 | D:5      | Killed Crazy Yiuf
  5703 | D:5      | Reached skill level 5 in Fighting
  5839 | D:6      | Reached skill level 5 in Maces & Flails
  6088 | D:6      | Found the +9 staff of Olgreb {rPois}
  6342 | D:7      | Reached XP level 8. HP: 48/63 MP: 8/8
  6659 | D:7      | Reached skill level 6 in Maces & Flails
  6974 | D:5      | Bought a +3 ring of slaying for 450 gold pieces
  7056 | D:3      | Noticed Natasha
  7063 | D:3      | Killed Natasha
  7071 | D:3      | Killed Natasha
  7213 | D:6      | Found a runed translucent gate.
  7213 | D:6      | Found a runed translucent gate.
  7213 | D:6      | Found a runed translucent gate.
  7223 | D:6      | Found a runed translucent door.
  7232 | D:6      | Found a runed translucent door.
  7333 | D:7      | Reached skill level 5 in Shields
  7612 | D:8      | Noticed Harold
  7614 | D:8      | Found a snail-covered altar of Cheibriados.
  8464 | D:7      | You fall into a shaft and drop 2 floors!
  8682 | D:9      | Reached skill level 7 in Maces & Flails
  8695 | D:9      | Reached XP level 9. HP: 60/71 MP: 9/9
  8831 | D:9      | You fall into a shaft and drop 1 floor!
  8831 | D:10     | Entered Level 10 of the Dungeon
  8923 | D:10     | Noticed a two-headed ogre
  8974 | D:9      | Noticed a +0 dagger
  8974 | D:9      | Noticed a +0 hand axe
  8978 | D:9      | Killed a two-headed ogre
  8978 | D:9      | Reached skill level 8 in Maces & Flails
  9209 | D:9      | Found an opulent altar of Gozag.
  9229 | D:9      | Found a hide-covered altar of Uskayaw.
  9767 | D:9      | Reached XP level 10. HP: 74/80 MP: 10/10
  9863 | D:9      | Reached skill level 9 in Maces & Flails
 10095 | D:10     | Found a blossoming altar of Fedhas.
 10157 | D:10     | Noticed Grum
 10450 | D:10     | Learned a level 2 spell: Ensorcelled Hibernation
 10465 | D:10     | Noticed Psyche
 10868 | D:8      | Found a staircase to the Lair.
 11046 | D:8      | Noticed an elephant
 11531 | D:10     | Noticed a gargoyle
 11865 | D:11     | Noticed Erolcha
 11975 | D:11     | Noticed Urug
 12088 | D:10     | Killed Grum
 12398 | D:10     | Killed Psyche
 12666 | D:10     | Killed a gargoyle
 12666 | D:10     | Reached skill level 10 in Maces & Flails
 12941 | D:11     | Noticed a two-headed ogre
 12964 | D:10     | Killed a two-headed ogre
 12964 | D:10     | Reached XP level 11. HP: 77/89 MP: 11/11
 13793 | D:8      | Noticed Erica
 13982 | D:5      | Killed Blork the orc
 14096 | D:4      | Killed Trueduck's ghost
 14312 | D:8      | Paralysed by something for 6 turns
 14354 | D:7      | Paralysed by something for 3 turns
 14379 | D:7      | Paralysed by Erica for 4 turns
 14392 | D:7      | Killed Erica
 15095 | D:9      | Became a worshipper of Gozag Ym Sagoz the Greedy
 15118 | D:10     | Killed Urug
 15149 | D:11     | Found a white marble altar of Elyvilon.
 15399 | Lair:1   | Entered Level 1 of the Lair of Beasts
 15545 | Lair:1   | Noticed a six-headed hydra
 15858 | D:8      | HP: 1/89 [acid (9)]
 16730 | D:11     | Reached skill level 1 in Axes
 17147 | D:11     | Noticed a red ugly thing
 17266 | D:10     | Mangled by a red ugly thing

Levels and vault maps discovered:
D:1:      zelgadis_glass_arrival_small, layout_loops_corners
D:2:      layout_loops_ring, old_standard_altar, first_ration
D:3:      layout_loops_corners, fiery_altar_vehumet, uniq_natasha, uniq_purgy
D:4:      layout_cave_pods, kiku_gazebo_pond_becter, minmay_temple_entry_arrows,
          ebering_ghost_inner_flame
D:5:      layout_rooms, lemuel_round_altar, serial_shops, shop_fountains, shop,
          shop, uniq_blork_the_orc, uniq_crazy_yiuf_cottage, uniq_menkaure
D:6:      layout_basic, minmay_guarded_unrand_staff_of_olgreb
D:7:      layout_basic
D:8:      layout_cave_pools, david_lair_generic, basic_altar,
          hangedman_little_slice_of_home, uniq_harold, uniq_erica
D:9:      layout_roguey, dancing_weapons_uskayaw, kennysheep_mini,
          minmay_microvault
D:10:     layout_roguey, fedhas_altar_1, uniq_psyche, uniq_grum
D:11:     layout_roguey, kennysheep_orc_monster_closet_entryway, special_room
          [special_room_bee], elyvilon_altar_5, uniq_urug, uniq_erolcha
D:12:     layout_basic, hangedman_abyss_or_decor_stabs
Temple:   eino_temple_scatter_basement
Lair:1:   layout_loops_ring, ldierk_geyser, serial_bayou_lake_a,
          serial_bayou_shore_a, grunt_megastairs_2

Skill      XL: |  1  2  3  4  5  6  7  8  9 10 11 |
---------------+----------------------------------+-----
Maces & Flails | 2 3 4 5 7 8 10 | 10.8
Shields        | 3 4 5 6 7 8 |  8.2
Fighting       | 4 5 6 7 9 |  9.7
Axes           | 1 |  1.6
Armour         | |  2.4

Action                   |  1- 3 |  4- 6 |  7- 9 | 10-12 || total
-------------------------+-------+-------+-------+-------++-------
Melee: Flail             |    22 |    54 |   409 |   451 ||   936
       Whip              |   134 |   103 |       |       ||   237
       Broad axe         |       |       |       |    23 ||    23
Throw: Dart              |    11 |    18 |    30 |    59 ||   118
       Throwing net      |       |       |       |     5 ||     5
Invok: Potion Petition   |       |       |       |     1 ||     1
Evoke: Wand              |       |       |     7 |    19 ||    26
  Use: Scroll            |     7 |     5 |     7 |     6 ||    25
 Stab: Invisible         |       |       |     2 |       ||     2
       Held in net/web   |       |       |       |     2 ||     2
Armor: Scale mail        |    50 |    98 |   187 |   188 ||   523
Dodge: Dodged            |    27 |    49 |   112 |   113 ||   301
Block: Shield            |    76 |    99 |   232 |   343 ||   750

Table legend:
 A = Non-vault XP
 B = Vault XP
 C = Vault XP percentage of total XP
 D = Non-vault monster count
 E = Vault monster count
 F = Vault count percentage of total count
                 A         B        C        D         E       F
            +---------+---------+-------+---------+---------+-------
      Total |   11729 |    4425 |  27.4 |     220 |      18 |   7.6
            +---------+---------+-------+---------+---------+-------
        D:1 |      39 |       0 |   0.0 |      18 |       0 |   0.0
        D:2 |      87 |       0 |   0.0 |      18 |       0 |   0.0
        D:3 |      55 |     164 |  74.9 |      10 |       2 |  16.7
        D:4 |     223 |     557 |  71.4 |      10 |       3 |  23.1
        D:5 |     219 |     140 |  39.0 |      10 |       2 |  16.7
        D:6 |     553 |       0 |   0.0 |      20 |       0 |   0.0
        D:7 |     948 |     944 |  49.9 |      15 |       1 |   6.2
        D:8 |     776 |     105 |  11.9 |      19 |       1 |   5.0
        D:9 |    5568 |     822 |  12.9 |      58 |       4 |   6.5
       D:10 |    2266 |    1693 |  42.8 |      29 |       5 |  14.7
       D:11 |     995 |       0 |   0.0 |      13 |       0 |   0.0
            +---------+---------+-------+---------+---------+-------
